 Dungeon Crawl Stone Soup version 0.28-a0-828-g0121872642 (webtiles) character file.

Game seed: 6411948283897182194

26 croobank the Caller (level 2, -1/11 HPs)
             Began as a Felid Summoner on Nov 10, 2021.
             Slain by a worm (8 damage)
             ... on level 2 of the Dungeon.
             The game lasted 00:06:25 (1610 turns).

croobank the Caller (Felid Summoner)                Turns: 1610, Time: 00:06:26

Health: -1/11      AC:  1    Str:  4    XL:     2   Next: 89%
Magic:  4/6        EV: 17    Int: 16    God:
Gold:   75         SH:  0    Dex: 16    Spells: 4/5 levels left
                                        Lives:  0   Deaths: 0

rFire   . . .      SeeInvis +   (weapon unavailable)
rCold   . . .      Faith    .   (shield unavailable)
rNeg    . . .      Spirit   .   (armour unavailable)
rPois   .          Reflect  .   (helmet unavailable)
rElec   .          Harm     .   (cloak unavailable)
rCorr   .          Rampage  .   (gloves unavailable)
Will    .....                   (boots unavailable)
Stlth   ++........              (no amulet)
HPRegen 0.03/turn               (no ring)
MPRegen 0.10/turn               (no ring)

@: quick
A: very small, claws 1, fangs 3, see invisible, speed 1, shaggy fur 1, stealthy
paws, no weapons or thrown items, no armour, multi-lived
a: no special abilities


You were on level 2 of the Dungeon.
You visited 1 branch of the dungeon, and saw 2 of its levels.

You collected 75 gold pieces.

Inventory:

Scrolls
 a - a scroll of holy word {unknown}
 b - a scroll of vulnerability
 c - a scroll of magic mapping {unknown}
 d - a scroll of identify


   Skills:
 + Level 3.0 Dodging
 + Level 3.1 Stealth
 + Level 0.5 Unarmed Combat
 + Level 2.1 Spellcasting
 + Level 4.4 Summonings


You had 4 spell levels left.
You knew the following spells:

 Your Spells              Type           Power      Damage    Failure   Level
a - Summon Small Mammal   Summ           60%        N/A       3%          1

Your spell library contained the following spells:

 Spells                   Type           Power      Damage    Failure   Level
 Call Imp                 Summ           15%        N/A       4%          2
 Call Canine Familiar     Summ           15%        N/A       10%         3
 Summon Guardian Golem    Hex/Summ       8%         N/A       24%         3
 Summon Lightning Spire   Summ/Air       8%         N/A       63%         4


Dungeon Overview and Level Annotations

Branches:
Dungeon (2/15)

Altars:

Shops:
D:1 (


Innate Abilities, Weirdness & Mutations

You have sharp claws.
You have razor-sharp teeth.
You have supernaturally acute eyesight. (SInv)
You cover ground quickly. (Speed+)
You are covered in fur. (AC +1)
Your paws help you pounce on unaware monsters.
You are incapable of wielding weapons or throwing items.
You cannot wear armour.
You gain extra lives every three experience levels.


Message History

Casting: Summon Small Mammal (safe; 3% risk of failure)
Confirm with . or Enter, or press ? or * to list all spells.
Your quokka disappears in a puff of smoke!
You scratch the dart slug.
The dart slug is heavily wounded.
Your bat hits the dart slug.
The dart slug launches a dart at your bat.
The slug dart misses your bat.
You scratch the dart slug.
The dart slug is almost dead.
Your bat hits the dart slug but does no damage.
Your bat hits the dart slug.
The dart slug dies!
Your bat hits the worm.
Your bat hits the worm but does no damage.
Your rat bites the worm.
Your bat hits the worm but does no damage.
Your rat bites the worm.
You scratch the worm.
The worm is heavily wounded.
Your bat hits the worm but does no damage.
Your rat bites the worm.
Your bat hits the worm but does no damage.
You scratch the worm.
The worm is heavily wounded.
Your bat hits the worm.
Your rat bites the worm.
The worm barely misses you.
You scratch the worm but do no damage. You bite the worm, but do no damage.
The worm is heavily wounded.
Your bat hits the worm but does no damage.
Your rat closely misses the worm.
You scratch the worm.
The worm is severely wounded.
Your bat hits the worm but does no damage.
Your rat bites the worm.
The worm completely misses you.
You barely miss the worm.
The worm is severely wounded.
Your bat barely misses the worm.
Your rat barely misses the worm.
The worm bites you!
Ouch! That really hurt!
You die...

#...(.# # ..... .###
... #..w #.######...
.. #.#........# ..##
#.#..####..###
......#r..r......#
#.##.##w##....#.#.
...#.......@†........
........##.b....##.#.
......)....##.### # #
#...###.#....#
#.#...###...####
#.............#
#.............#
#.............#
##...#.......#


You could see a worm (ally target), a friendly bat (summoned) and a friendly rat
(summoned).

Vanquished Creatures
  5 ball pythons (D:1)
  5 bats
  An endoplasm (D:1)
  A hobgoblin (D:1)
  A quokka (D:2)
  A frilled lizard (D:1)
  2 goblins (D:1)
  2 rats (D:1)
18 creatures vanquished.

Vanquished Creatures (collateral kills)
  A dart slug (D:2)
  An endoplasm (D:1)
  A kobold (D:1)
  A bat (D:1)
  3 rats (D:1)
7 creatures vanquished.

Grand Total: 25 creatures vanquished

Notes
Turn   | Place    | Note
-------+----------+-------------------------------------------
     0 | D:1      | croobank the Felid Summoner began the quest for the Orb.
     0 | D:1      | Reached XP level 1. HP: 7/7 MP: 4/4
   653 | D:1      | Reached XP level 2. HP: 4/11 MP: 3/6
  1272 | D:1      | Found Omeunooc's Weapon Emporium.
  1610 | D:2      | Slain by a worm

Illustrated notes

Levels and vault maps discovered:
D:1:      wander_arrival_peaceful_grave, layout_loops_ring, serial_shops,
          shop_fountains, minmay_misc_feat_doors
D:2:      layout_loops_cross

Skill      XL: |  1  2 |
---------------+-------+-----
Dodging        | 3 |  3.0
Stealth        | 3 |  3.1
Unarmed Combat | |  0.5
Spellcasting   | |  2.1
Summonings     | |  4.4

Action                   || total
-------------------------++-------
Melee: Unarmed           ||    50
       Bite              ||     3
 Cast: Summon Small Mamm ||    14
  Use: Scroll            ||     1
 Stab: Sleeping          ||     5
Armor: Skin              ||     4
Dodge: Dodged            ||    41

Table legend: (Time is in decaauts)
 A = Elapsed time spent in this place.
 B = Non-inter-level travel time spent in this place.
 C = Inter-level travel time spent in this place.
 D = Time resting spent in this place.
 E = Time spent auto-exploring this place.
 F = Levels seen in this place.
 G = Mean time per level.
                   A        B        C        D        E       F      G
               +--------+--------+--------+--------+--------+-----+--------+
         Total |   1496 |   1496 |      0 |    742 |    508 |   2 |  748.0 |
       Dungeon |   1496 |   1496 |      0 |    742 |    508 |   2 |  748.0 |
               +--------+--------+--------+--------+--------+-----+--------+

Top non-repeatable levels by time:
     D:1: 1322 daAuts
     D:2: 174 daAuts
